 Dungeon Sprint DCSS version 0.29-a0-409-gd843f3a48c (webtiles) character file.

Game seed: 18115038648392757881

3435 mhtbhm the Severer (level 9, -7/150 HPs)
             Began as a Minotaur Berserker on May 14, 2022.
             Was a High Priest of Trog.
             Mangled by Donald
             ... wielding a +0 war axe of holy wrath
              (11 damage)
             ... in the Dungeon (Sprint III: "The Ten Rune Challenge").
             The game lasted 00:02:03 (1403 turns).

mhtbhm the Severer (Minotaur Berserker)             Turns: 1403, Time: 00:02:03

Health: -7/150     AC:  9    Str: 26    XL:     9   Next: 77%
Magic:  8/8        EV: 15    Int:  4    God:    Trog [*****.]
Gold:   20         SH:  0    Dex: 10    Spells: 8/8 levels left

rFire   . . .      SeeInvis .   a - +0 hand axe
rCold   . . .      Faith    .   (no shield)
rNeg    . . .      Spirit   .   b - +3 troll leather armour {Snorg}
rPois   .          Reflect  .   (helmet restricted)
rElec   .          Harm     .   (no cloak)
rCorr   .          Rampage  .   o - +0 pair of gloves
Will    .....      NoTele   +   (no boots)
Stlth   ..........              (no amulet)
HPRegen 1.15/turn               (no ring)
MPRegen 0.11/turn               (no ring)

@: berserking, lethally poisoned (-7 -> -7), slowed
A: horns 2, retaliatory headbutt
a: Renounce Religion, Berserk, Trog's Hand, Brothers in Arms


You were in the Dungeon.
You worshipped Trog.
Trog was extremely pleased with you.
You visited 1 branch You collected 20 gold pieces.

Inventory:

Hand Weapons
 a - a +0 hand axe (weapon)
Armour
 b - a +3 troll leather armour (worn) {Snorg}
 o - a +0 pair of gloves (worn)
Wands
 n - a wand of iceblast (3)
Scrolls
 h - 2 scrolls of blinking
 i - a scroll of immolation {unknown}
 j - 3 scrolls of identify
 l - a scroll of poison {unknown}
Potions
 c - 2 potions of curing
 d - a potion of heal wounds
 e - 2 potions of haste
 f - 2 potions of magic
 g - a potion of berserk rage
 k - a potion of invisibility {unknown}
 m - 6 potions of mutation
Miscellaneous
 p - a phantom mirror


   Skills:
 + Level 15.8 Fighting
 + Level 17.8 Axes
 + Level 7.8 Armour
 + Level 10.0 Dodging
 - Level 2.2 Stealth
 + Level 1.2 Evocations


You had 8 spell levels left.
You didn't know any spells.
Your spell library was empty.

Dungeon Overview and Level Annotations

Branches:
Dungeon (1/1)

Altars:
Cheibriados
Dithmenos
Elyvilon
Fedhas
Gozag
Hepliaklqana
Kikubaaqudgha
Makhleb
Nemelex Xobeh
Okawaru
Qazlal
Ru
Sif Muna
Trog
Uskayaw
Vehumet
Wu Jian
Xom
Yredelemnul
Zin
The Shining One
Beogh
Jiyva
Lugonu

Annotations:
D Donald, Frances


Innate Abilities, Weirdness & Mutations

You have a pair of horns on your head.
You reflexively headbutt those who attack you in melee.


Message History

Unknown command.
Your troll goes berserk!
You feel very sick.
Donald casts a spell.
Donald seems to speed up.
Frances throws a curare-tipped dart.
The curare-tipped dart barely misses you.
Donald gestures wildly while chanting.
Donald seems to grow stronger.
You feel very sick.
You hear a shout! x2
A red film seems to cover your vision as you go berserk!
You feel yourself moving faster!
You feel mighty!
You feel sick.
Donald hits you with a +0 war axe of holy wrath!!
Donald blocks your attack.
You feel sick. Donald misses you. You furiously retaliate!
You headbutt Donald! You hit Donald.
Donald is lightly wounded.
You feel sick. Donald hits you but does no damage. Donald blocks your attack.
Donald is lightly wounded.
Donald hits you with a +0 war axe of holy wrath!!
Your troll rages.
You hit Donald. You headbutt Donald!
Donald is moderately wounded.
You feel sick.
Donald hits you with a +0 war axe of holy wrath!
Donald blocks your attack.
Donald is moderately wounded.
You feel sick.
Donald hits you with a +0 war axe of holy wrath!
* * * LOW HITPOINT WARNING * * *
You slash Donald! You headbutt Donald, but do no damage.
Donald is heavily wounded.
Donald hits you with a +0 war axe of holy wrath!!
* * * LOW HITPOINT WARNING * * *
Donald blocks your attack.
Donald is heavily wounded.
You feel sick.
Donald hits you with a +0 war axe of holy wrath!
You die...

+#####################
..≈≈§'.#.'...'.#.#.#.+
.#÷≈§#.#.#.).##.#.#.##
.#§§§#.#.#)).#.#.#.#.#
.#§§§#...#...##.#.#.#
▓▓▓▓▓▓▓▓▓▓▓▓▓#.#.#.#
.......≈≈≈...##T#.#.#
≈≈≈≈≈≈≈≈≈♣♣P.T.#@#.#.#
♣♣♣♣♣♣♣♣♣♣♣PP##@#.#.##
♣♣♣##@##### ... #...#
#...# #####


You could see Frances, Donald (fast, strong) and a friendly troll (summoned,
berserk).

Vanquished Creatures
  Snorg (D)
  A centaur warrior (D)
  A deep elf pyromancer (D)
  An unseen horror (D)
  A shadow (D)
  3 wandering mushrooms (D)
  A spatial vortex (D)
  2 centaurs (D)
  An earth elemental (D)
  A necrophage (D)
  A water elemental (D)
  A jelly (D)
  A wizard (D)
  A necromancer (D)
  A kobold demonologist (D)
  3 humans (D)
  A wolf (D)
  An endoplasm (D)
  3 rats (D)
26 creatures vanquished.

Notes
Turn   | Place    | Note
-------+----------+-------------------------------------------
     0 | D        | mhtbhm the Minotaur Berserker began the quest for the Orb.
     0 | D        | Reached XP level 1. HP: 19/19 MP: 0/0
    11 | D        | Reached skill level 4 in Axes
    27 | D        | Reached ** piety under Trog
    38 | D        | Noticed a wolf
    41 | D        | Killed a wolf
    42 | D        | Reached skill level 5 in Fighting
    42 | D        | Reached skill level 5 in Axes
    42 | D        | Reached XP level 2. HP: 29/29 MP: 1/1
    46 | D        | Reached skill level 6 in Axes
    46 | D        | Reached XP level 3. HP: 36/37 MP: 2/2
   143 | D        | Noticed a water elemental
   147 | D        | Killed a water elemental
   147 | D        | Reached *** piety under Trog
   148 | D        | Reached skill level 7 in Axes
   148 | D        | Reached XP level 4. HP: 47/47 MP: 3/3
   210 | D        | Found a basalt altar of Yredelemnul.
   210 | D        | Found a shadowy altar of Dithmenos.
   210 | D        | Found a sacrificial altar of Ru.
   210 | D        | Noticed a necrophage
   215 | D        | Killed a necrophage
   216 | D        | Reached skill level 8 in Axes
   216 | D        | Reached XP level 5. HP: 44/56 MP: 4/4
   220 | D        | Reached skill level 9 in Axes
   321 | D        | Found a radiant altar of Vehumet.
   321 | D        | Found a shimmering blue altar of Sif Muna.
   321 | D        | Found an ancient bone altar of Kikubaaqudgha.
   328 | D        | Reached **** piety under Trog
   330 | D        | Reached skill level 5 in Dodging
   362 | D        | Found a hide-covered altar of Uskayaw.
   362 | D        | Found an iron altar of Okawaru.
   362 | D        | Found a bloodstained altar of Trog.
   362 | D        | Found an ornate altar of the Wu Jian Council.
   362 | D        | Noticed a human
   362 | D        | Noticed a human
   363 | D        | Found a glowing silver altar of Zin.
   363 | D        | Found a glowing golden altar of the Shining One.
   363 | D        | Found a white marble altar of Elyvilon.
   363 | D        | Noticed a deep elf pyromancer
   372 | D        | Killed a human
   373 | D        | Reached skill level 10 in Fighting
   373 | D        | Reached skill level 11 in Axes
   373 | D        | Reached skill level 5 in Armour
   373 | D        | Reached XP level 6. HP: 67/67 MP: 5/5
   376 | D        | Killed a deep elf pyromancer
   376 | D        | Reached ***** piety under Trog
   377 | D        | Reached skill level 13 in Axes
   377 | D        | Reached XP level 7. HP: 71/78 MP: 6/6
   379 | D        | Killed a human
   522 | D        | Noticed a shadow
   530 | D        | Killed a shadow
   531 | D        | Reached skill level 14 in Axes
   531 | D        | Reached XP level 8. HP: 64/85 MP: 7/7
   700 | D        | Found a blossoming altar of Fedhas.
   700 | D        | Found a stormy altar of Qazlal.
   700 | D        | Found a snail-covered altar of Cheibriados.
   700 | D        | Found a burning altar of Makhleb.
   700 | D        | Found a shimmering altar of Xom.
   701 | D        | Found a hazy altar of Hepliaklqana.
   701 | D        | Found an opulent altar of Gozag.
   701 | D        | Found a sparkling altar of Nemelex Xobeh.
   701 | D        | Found a corrupted altar of Lugonu.
   701 | D        | Found a viscous altar of Jiyva.
   714 | D        | Received a gift from Trog
   860 | D        | Noticed Snorg
   869 | D        | Killed Snorg
   870 | D        | Reached skill level 15 in Axes
   870 | D        | Reached skill level 1 in Stealth
  1118 | D        | Reached skill level 16 in Axes
  1217 | D        | Noticed a centaur warrior
  1225 | D        | Reached XP level 9. HP: 80/96 MP: 8/8
  1227 | D        | Killed a centaur warrior
  1228 | D        | Reached skill level 15 in Fighting
  1228 | D        | Reached skill level 17 in Axes
  1290 | D        | Killed an unseen horror
  1291 | D        | Reached skill level 1 in Evocations
  1340 | D        | Noticed a wandering mushroom
  1344 | D        | Noticed a wandering mushroom
  1346 | D        | Noticed a wandering mushroom
  1362 | D        | Killed a wandering mushroom
  1372 | D        | Reached skill level 10 in Dodging
  1393 | D        | Noticed Donald
  1393 | D        | Noticed Frances
  1402 | D        | HP: 5/150 [Donald/+0 war axe of holy wrath (33)]
  1403 | D        | Mangled by Donald

Illustrated notes

Levels and vault maps discovered:
D:        dungeon_sprint_mu [sprint_mu_entry_cave, sprint_mu_temple_rooms,
          sprint_mu_d1_horrors, sprint_mu_d2_genie, sprint_mu_d3_branching,
          sprint_mu_orc_legion, sprint_mu_elf_gauntlet, sprint_mu_hive_nellie,
          sprint_mu_lair_fedhas, sprint_mu_vaults_butterflies,
          sprint_mu_slime_circle, sprint_mu_shoals_archi,
          sprint_mu_snake_twists, sprint_mu_blade_basic,
          sprint_mu_crypt_chambers, sprint_mu_tomb_spiral,
          sprint_mu_vestibule_basic, sprint_mu_gehenna_hellfire,
          sprint_mu_dis_giant, sprint_mu_tartarus_statrot,
          sprint_mu_cocytus_islands, sprint_mu_zot1]

Skill      XL: |  1  2  3  4  5  6  7  8  9 |
---------------+----------------------------+-----
Fighting       | 5 6 7 8 10 12 14 15 | 15.8
Axes           | 5 6 7 8 11 13 14 16 17 | 17.8
Armour         | 3 4 5 6 7 |  7.8
Dodging        | 3 4 5 7 8 10 | 10.0
Stealth        | 1 2 |  2.2
Evocations     | 1 |  1.2

Action                   |  1- 3 |  4- 6 |  7- 9 || total
-------------------------+-------+-------+-------++-------
Melee: Hand axe          |    13 |    25 |   100 ||   138
       Headbutt          |     2 |     7 |    34 ||    43
       Punch             |       |       |     1 ||     1
Invok: Berserk           |     2 |     1 |     3 ||     6
       Brothers in Arms  |       |       |     1 ||     1
Evoke: Wand              |       |       |     1 ||     1
       Phantom mirror    |       |       |     1 ||     1
 Stab: Sleeping          |       |       |     1 ||     1
Armor: Animal skin       |     1 |     1 |     1 ||     3
       Troll leather arm |       |       |    26 ||    26
Dodge: Dodged            |     7 |     9 |    41 ||    57

Table legend: (Time is in decaauts)
 A = Elapsed time spent in this place.
 B = Non-inter-level travel time spent in this place.
 C = Inter-level travel time spent in this place.
 D = Time resting spent in this place.
 E = Time spent auto-exploring this place.
 F = Levels seen in this place.
 G = Mean time per level.
                   A        B        C        D        E       F      G
               +--------+--------+--------+--------+--------+-----+--------+
         Total |   1413 |   1413 |      0 |    958 |     96 |   1 | 1413.0 |
       Dungeon |   1413 |   1413 |      0 |    958 |     96 |   1 | 1413.0 |
               +--------+--------+--------+--------+--------+-----+--------+

Top non-repeatable levels by time:
       D: 1413 daAuts
